SKY
ARIZONA DIAMONDBACKS @ FRESNO FALCONS
05/01/2052
 
TOP OF THE 1ST
Arizona Diamondbacks batting - Pitching for Fresno Falcons : LHP Justyn Hunter
Pitching: LHP Justyn Hunter
Batting: RHB Gaius Raton 0-0: Ball
1-0: Ball
2-0: Ball
3-0: Called Strike
3-1: Base on Balls
Batting: LHB Wil Solís 0-0: Ball
1-0: Ball
2-0: Foul Ball, location: 2F
2-1: Swinging Strike
2-2: Strikes out swinging
Batting: LHB Peter Conrad 0-0: Ball
1-0: Ball
2-0: Foul Ball, location: 2F
2-1: Grounds into double play, 4-6-3 (Groundball, 4, EV 99.4 MPH)
Top of the 1st over - 0 runs, 0 hits, 0 errors, 0 left on base; Arizona 0 - Fresno 0
BOTTOM OF THE 1ST
Fresno Falcons batting - Pitching for Arizona Diamondbacks : RHP Zachariah Stanley
Pitching: RHP Zachariah Stanley
Batting: LHB Luca Flores 0-0: Ball
1-0: Ball
2-0: Foul Ball, location: 5SF
2-1: Fly out, F9 (Flyball, 9D, EV 93.1 MPH)
Batting: RHB Zach Pryor 0-0: Ball
1-0: Ground out 5-3 (Groundball, 5, EV 71.3 MPH)
Batting: LHB Juan Oliu 0-0: Ball
1-0: Ball
2-0: Ball
3-0: Called Strike
3-1: Fly out, F5 (Line Drive, 56, EV 66.9 MPH)
Bottom of the 1st over - 0 runs, 0 hits, 0 errors, 0 left on base; Arizona 0 - Fresno 0
TOP OF THE 2ND
Arizona Diamondbacks batting - Pitching for Fresno Falcons : LHP Justyn Hunter
Batting: LHB Glenn Pichardo 0-0: Ball
1-0: Ball
2-0: Called Strike
2-1: DOUBLE (Flyball, 78XD, EV 91.9 MPH)
Batting: RHB Duncan Hancock 0-0: Swinging Strike
0-1: Ball
1-1: Foul Ball, location: 2F
1-2: Ball
2-2: Foul Ball, location: 2F
2-2: Fly out, F7 (Line Drive, 7S, EV 91.9 MPH)
Batting: LHB Michael Freeman 0-0: Ball
1-0: Ball
2-0: Swinging Strike
2-1: Ball
3-1: Swinging Strike
3-2: Base on Balls
Batting: RHB Micah Callis 0-0: Foul Ball, location: 2RF
0-1: Called Strike
0-2: Fielders Choice at 2nd, 4-6 (Groundball, 34, EV 90.0 MPH)
Glenn Pichardo to third
Batting: RHB Tadd Bateman 0-0: Foul Ball, location: 25F
0-1: Ball
1-1: Foul Ball, location: 2F
1-2: SINGLE (Groundball, 56S, EV 74.4 MPH) (infield hit)
Glenn Pichardo scores
Micah Callis to second
Batting: RHB Luís Estrada 0-0: Ball
1-0: Called Strike
1-1: Called Strike
1-2: Ball
2-2: Ball
3-2: Strikes out swinging
Top of the 2nd over - 1 run, 2 hits, 0 errors, 2 left on base; Arizona 1 - Fresno 0
BOTTOM OF THE 2ND
Fresno Falcons batting - Pitching for Arizona Diamondbacks : RHP Zachariah Stanley
Batting: RHB Apolo Tussey 0-0: Ground out 6-3 (Groundball, 6M, EV 82.5 MPH)
Batting: RHB Eric Alvares 0-0: Ball
1-0: Called Strike
1-1: Swinging Strike
1-2: Fly out, F7 (Flyball, 7LS, EV 96.9 MPH)
Batting: RHB Jack Montemayor 0-0: Foul Ball, location: 3FF
0-1: Ball
1-1: Ball
2-1: Fly out, F8 (Flyball, 8RM, EV 95.0 MPH)
Bottom of the 2nd over - 0 runs, 0 hits, 0 errors, 0 left on base; Arizona 1 - Fresno 0
TOP OF THE 3RD
Arizona Diamondbacks batting - Pitching for Fresno Falcons : LHP Justyn Hunter
Batting: RHB Gaius Raton 0-0: Swinging Strike
0-1: Foul Ball, location: 9LMF
0-2: Ball
1-2: Strikes out swinging
Batting: LHB Wil Solís 0-0: Ball
1-0: Ball
2-0: Ball
3-0: Called Strike
3-1: Base on Balls
Batting: LHB Peter Conrad 0-0: Called Strike
Wil Solís is caught stealing 2nd base 2-6
0-1: Ball
1-1: Swinging Strike
1-2: Ball
2-2: Strikes out swinging
Top of the 3rd over - 0 runs, 0 hits, 0 errors, 0 left on base; Arizona 1 - Fresno 0
BOTTOM OF THE 3RD
Fresno Falcons batting - Pitching for Arizona Diamondbacks : RHP Zachariah Stanley
Batting: LHB Everett Hardin 0-0: Swinging Strike
0-1: Fly out, F7 (Flyball, 78S, EV 76.9 MPH)
Batting: RHB Cody McGuire 0-0: Ball
1-0: Ball
2-0: Ball
3-0: Base on Balls
Batting: SHB John Wheeler 0-0: Ball
1-0: Foul Ball, location: 5FF
1-1: Swinging Strike
1-2: Strikes out swinging
Batting: LHB Luca Flores 0-0: Ball
1-0: Foul Ball, location: 7LSF
1-1: Ball
2-1: Swinging Strike
2-2: Strikes out swinging
Bottom of the 3rd over - 0 runs, 0 hits, 0 errors, 1 left on base; Arizona 1 - Fresno 0
TOP OF THE 4TH
Arizona Diamondbacks batting - Pitching for Fresno Falcons : LHP Justyn Hunter
Batting: LHB Glenn Pichardo 0-0: Called Strike
0-1: Ball
1-1: Ball
2-1: Ball
3-1: Ground out 4-3 (Groundball, 34D, EV 101.9 MPH)
Batting: RHB Duncan Hancock 0-0: Swinging Strike
0-1: Foul Ball, location: 2LF
0-2: Strikes out swinging
Batting: LHB Michael Freeman 0-0: Ball
1-0: Foul Ball, location: 3F
1-1: Ball
2-1: Foul Ball, location: 2F
2-2: SINGLE (Groundball, 6MD, EV 96.9 MPH)
Batting: RHB Micah Callis 0-0: Foul Ball, location: 9LMF
0-1: Ball
1-1: Foul Ball, location: 3FF
1-2: Strikes out swinging
Top of the 4th over - 0 runs, 1 hit, 0 errors, 1 left on base; Arizona 1 - Fresno 0
BOTTOM OF THE 4TH
Fresno Falcons batting - Pitching for Arizona Diamondbacks : RHP Zachariah Stanley
Batting: RHB Zach Pryor 0-0: Called Strike
0-1: Foul Ball, location: 2F
0-2: Strikes out swinging, 2-3 out at first.
Batting: LHB Juan Oliu 0-0: Fly out, F7 (Flyball, 7D, EV 106.3 MPH)
Batting: RHB Apolo Tussey 0-0: Ball
1-0: Ball
2-0: Called Strike
2-1: Foul Ball, location: 9LDF
2-2: Ball
3-2: Strikes out swinging
Bottom of the 4th over - 0 runs, 0 hits, 0 errors, 0 left on base; Arizona 1 - Fresno 0
TOP OF THE 5TH
Arizona Diamondbacks batting - Pitching for Fresno Falcons : LHP Justyn Hunter
Batting: RHB Tadd Bateman 0-0: Ball
1-0: Called Strike
1-1: Ball
2-1: Ball
3-1: Ground out 6-3 (Groundball, 6, EV 106.9 MPH)
Batting: RHB Luís Estrada 0-0: Ball
1-0: Ball
2-0: Ball
3-0: Called Strike
3-1: SOLO HOME RUN (Flyball, 7LD, EV 94.4 MPH), Distance : 354 ft
Batting: RHB Gaius Raton 0-0: Called Strike
0-1: Called Strike
0-2: Foul Ball, location: 9LDF
0-2: Ball
1-2: Ball
2-2: Fly out, F8 (Line Drive, 89M, EV 97.5 MPH)
Pitching: LHP Conor Hardcastle
Batting: LHB Wil Solís 0-0: Ball
1-0: Fly out, F5 (Popup, 5F, EV 65.0 MPH)
Top of the 5th over - 1 run, 1 hit, 0 errors, 0 left on base; Arizona 2 - Fresno 0
BOTTOM OF THE 5TH
Fresno Falcons batting - Pitching for Arizona Diamondbacks : RHP Zachariah Stanley
Batting: RHB Eric Alvares 0-0: Foul Ball, location: 2F
0-1: Foul Ball, location: 7LMF
0-2: Ball
1-2: SINGLE (Line Drive, 6MD, EV 98.8 MPH)
Batting: RHB Jack Montemayor 0-0: Ball
1-0: Called Strike
1-1: Foul Ball, location: 3SF
1-2: Ball
2-2: Ball
3-2: Foul Ball, location: 9LSF
3-2: Fielders Choice at 2nd, 6-4 (Groundball, 6, EV 86.9 MPH)
Batting: LHB Everett Hardin 0-0: Swinging Strike
0-1: Ball
1-1: Ball
2-1: Swinging Strike
2-2: Strikes out swinging
Batting: RHB Cody McGuire 0-0: Ground out 4-3 (Groundball, 4, EV 111.3 MPH)
Bottom of the 5th over - 0 runs, 1 hit, 0 errors, 1 left on base; Arizona 2 - Fresno 0
TOP OF THE 6TH
Arizona Diamondbacks batting - Pitching for Fresno Falcons : LHP Conor Hardcastle
Pinch Hitting: RHB Josef Horne 0-0: Called Strike
0-1: Called Strike
0-2: Ball
1-2: Foul Ball, location: 2F
1-2: Strikes out looking
Batting: LHB Glenn Pichardo 0-0: Foul Ball, location: 7LDF
0-1: Foul Ball, location: 23F
0-2: Foul Ball, location: 2F
0-2: Ball
1-2: Foul Ball, location: 7LDF
1-2: Strikes out swinging
Batting: RHB Duncan Hancock 0-0: Ball
1-0: Foul Ball, location: 2LF
1-1: Ball
2-1: Fly out, F8 (Flyball, 8RS, EV 90.6 MPH)
Top of the 6th over - 0 runs, 0 hits, 0 errors, 0 left on base; Arizona 2 - Fresno 0
BOTTOM OF THE 6TH
Fresno Falcons batting - Pitching for Arizona Diamondbacks : RHP Zachariah Stanley
Now at 1B: Josef Horne
Batting: SHB John Wheeler 0-0: Called Strike
0-1: Swinging Strike
0-2: Ball
1-2: Foul Ball, location: 2F
1-2: Strikes out looking
Batting: LHB Luca Flores 0-0: Called Strike
0-1: Foul Ball, location: 7LMF
0-2: Foul Ball, location: 2F
0-2: DOUBLE (Flyball, 78D, EV 99.4 MPH)
Batting: RHB Zach Pryor 0-0: Called Strike
Luca Flores is caught stealing 3rd base 2-5
0-1: Ball
1-1: Ball
2-1: SINGLE (Line Drive, 78M, EV 89.4 MPH)
Batting: LHB Juan Oliu 0-0: Called Strike
Zach Pryor steals 2nd base
0-1: Foul Ball, location: 2F
0-2: Ball
1-2: Ball
2-2: Ball
3-2: Foul Ball, location: 2F
3-2: Strikes out looking
Bottom of the 6th over - 0 runs, 2 hits, 0 errors, 1 left on base; Arizona 2 - Fresno 0
TOP OF THE 7TH
Arizona Diamondbacks batting - Pitching for Fresno Falcons : LHP Conor Hardcastle
Batting: LHB Michael Freeman 0-0: Foul Ball, location: 3F
0-1: SOLO HOME RUN (Flyball, 9D, EV 97.5 MPH), Distance : 359 ft
Batting: RHB Micah Callis 0-0: Called Strike
0-1: Ball
1-1: Ball
2-1: Called Strike
2-2: Ball
3-2: Strikes out swinging
Batting: RHB Tadd Bateman 0-0: Fly out, F8 (Flyball, 8LXD, EV 111.3 MPH)
Batting: RHB Luís Estrada 0-0: Called Strike
0-1: Foul Ball, location: 9LMF
0-2: Ball
1-2: SINGLE (Line Drive, 5D, EV 93.8 MPH)
Pitching: LHP Lincoln Kankkunnen
Batting: RHB Gaius Raton 0-0: Ball
1-0: Foul Ball, location: 2F
1-1: Fly out, F8 (Flyball, 8LXD, EV 80.6 MPH)
Top of the 7th over - 1 run, 2 hits, 0 errors, 1 left on base; Arizona 3 - Fresno 0
BOTTOM OF THE 7TH
Fresno Falcons batting - Pitching for Arizona Diamondbacks : RHP Zachariah Stanley
Batting: RHB Apolo Tussey 0-0: Called Strike
0-1: Foul Ball, location: 2RF
0-2: Ball
1-2: Ground out 5-3 (Groundball, 56, EV 88.8 MPH)
Batting: RHB Eric Alvares 0-0: Ground out 5-3 (Groundball, 56S, EV 68.8 MPH)
Batting: RHB Jack Montemayor 0-0: Swinging Strike
0-1: Ball
1-1: Foul Ball, location: 2F
1-2: Foul Ball, location: 2F
1-2: Foul Ball, location: 3SF
1-2: Strikes out swinging
Bottom of the 7th over - 0 runs, 0 hits, 0 errors, 0 left on base; Arizona 3 - Fresno 0
TOP OF THE 8TH
Arizona Diamondbacks batting - Pitching for Fresno Falcons : LHP Lincoln Kankkunnen
Batting: LHB Wil Solís 0-0: Ground out 4-3 (Groundball, 4D, EV 81.3 MPH)
Batting: RHB Josef Horne 0-0: Swinging Strike
0-1: Ball
1-1: Ball
2-1: Swinging Strike
2-2: Foul Ball, location: 3DF
2-2: Ball
3-2: Foul Ball, location: 9LSFF
3-2: Strikes out swinging
Batting: LHB Glenn Pichardo 0-0: Ball
1-0: SINGLE (Groundball, 3D, EV 110.6 MPH)
Batting: RHB Duncan Hancock 0-0: Ball
1-0: SINGLE (Line Drive, 8LS, EV 95.6 MPH)
Glenn Pichardo to second
Batting: LHB Michael Freeman 0-0: Ball
1-0: Ball
2-0: Ball
3-0: Called Strike
3-1: Base on Balls
Glenn Pichardo to third
Duncan Hancock to second
Batting: RHB Micah Callis 0-0: Ball
1-0: Called Strike
1-1: Ball
2-1: Called Strike
2-2: Foul Ball, location: 9LDF
2-2: Foul Ball, location: 2F
2-2: Ball
3-2: Strikes out swinging
Top of the 8th over - 0 runs, 2 hits, 0 errors, 3 left on base; Arizona 3 - Fresno 0
BOTTOM OF THE 8TH
Fresno Falcons batting - Pitching for Arizona Diamondbacks : RHP Zachariah Stanley
Pitching: RHP Elyaniv Segel
Batting: LHB Everett Hardin 0-0: Ball
1-0: SOLO HOME RUN (Flyball, 9D, EV 93.1 MPH), Distance : 358 ft
Batting: RHB Cody McGuire 0-0: Swinging Strike
0-1: Fly out, F8 (Flyball, 78D, EV 96.3 MPH)
Batting: SHB John Wheeler 0-0: Ball
1-0: Fly out, F9 (Flyball, 89S, EV 97.5 MPH)
Batting: LHB Luca Flores 0-0: Ball
1-0: Ball
2-0: Foul Ball, location: 5FF
2-1: Fly out, F8 (Flyball, 8LD, EV 93.1 MPH)
Bottom of the 8th over - 1 run, 1 hit, 0 errors, 0 left on base; Arizona 3 - Fresno 1
TOP OF THE 9TH
Arizona Diamondbacks batting - Pitching for Fresno Falcons : LHP Lincoln Kankkunnen
Pitching: RHP Jaden Vinson
Batting: RHB Tadd Bateman 0-0: Ground out 6-3 (Groundball, 6, EV 103.8 MPH)
Batting: RHB Luís Estrada 0-0: Ball
1-0: Swinging Strike
1-1: Swinging Strike
1-2: Strikes out looking
Batting: RHB Gaius Raton 0-0: Ball
1-0: Called Strike
1-1: Called Strike
1-2: Strikes out swinging
Top of the 9th over - 0 runs, 0 hits, 0 errors, 0 left on base; Arizona 3 - Fresno 1
BOTTOM OF THE 9TH
Fresno Falcons batting - Pitching for Arizona Diamondbacks : RHP Elyaniv Segel
Now in LF: Oliver Paradis
Batting: RHB Zach Pryor 0-0: Ball
1-0: Ball
2-0: SINGLE (Line Drive, 7S, EV 100.0 MPH)
Batting: LHB Juan Oliu 0-0: Foul Ball, location: 2F
0-1: Ball
1-1: Ball
2-1: Foul Ball, location: 2F
2-2: Grounds into double play, 6-4-3 (Groundball, 6, EV 88.8 MPH)
Batting: RHB Apolo Tussey 0-0: Foul Ball, location: 3SF
0-1: Called Strike
0-2: Ball
1-2: Ball
2-2: SINGLE (Groundball, 6MD, EV 104.4 MPH)
Batting: RHB Eric Alvares 0-0: Ball
1-0: Ball
2-0: Called Strike
2-1: Ball
3-1: Called Strike
3-2: Ground out 6-3 (Groundball, 6M, EV 110.6 MPH)
Bottom of the 9th over - 0 runs, 2 hits, 0 errors, 1 left on base; Arizona 3 - Fresno 1
Friday, April 19th , 2024 - OOTP Baseball 24.11 Build 85